 Dungeon Crawl Stone Soup version 0.24.0-13-gcf9b319 (webtiles) character file.

Game seed: 11342287855411015811, levelgen mode: deterministic

116 Fang the Shield-Bearer (level 5, -3/33 HPs)
             Began as a Gargoyle Fighter on Dec 16, 2019.
             Slain by an orc
             ... wielding a +0 mace
              (7 damage)
             ... on level 3 of the Dungeon.
             The game lasted 00:01:27 (1633 turns).

Fang the Shield-Bearer (Gargoyle Fighter)           Turns: 1633, Time: 00:01:28

Health: -3/33      AC: 13    Str: 21    XL:     5   Next: 1%
Magic:  5/5        EV:  5    Int:  8    God:
Gold:   131        SH:  9    Dex:  9    Spells: 4/4 levels left

rFire    . . .     SeeInvis .   a - +0 war axe
rCold    . . .     Gourm    .   B - +0 shield
rNeg     + . .     Faith    .   b - +0 chain mail
rPois    ∞         Spirit   .   (no helmet)
rElec    +         Reflect  .   (no cloak)
rCorr    .         Harm     .   (no gloves)
MR       .....                  (no boots)
Stlth    ..........             (no amulet)
HPRegen  0.11/turn              (no ring)
MPRegen  0.09/turn              (no ring)

@: no status effects
A: negative energy resistance 1, electricity resistance, unbreathing,
petrification resistance, rot immunity, AC +4
a: no special abilities


You were on level 3 of the Dungeon.
You were not hungry.

You visited 1 branch of the dungeon, and saw 3 of its levels.

You collected 131 gold pieces.

Inventory:

Hand Weapons
 a - a +0 war axe (weapon)
Armour
 b - a +0 chain mail (worn)
 B - a +0 shield (worn)
Wands
 n - a wand of disintegration (9)
Scrolls
 g - a scroll of enchant armour {unknown}
 h - 6 scrolls of identify {unknown}
 i - a scroll of noise {unknown}
 k - 2 scrolls of teleportation {unknown}
 o - a scroll of immolation {unknown}
Potions
 d - a potion of might
 e - a potion of agility {unknown}
 f - 2 potions of lignification {unknown}
 l - 2 potions of curing {unknown}
 m - a potion of haste {unknown}
 p - a potion of heal wounds {unknown}
Comestibles
 c - 7 rations


   Skills:
 + Level 4.1 Fighting
 + Level 2.7 Axes
 + Level 4.1 Armour
 + Level 4.1 Shields


You had 4 spell levels left.
You didn't know any spells.
Your spell library was empty.

Dungeon Overview and Level Annotations

Branches:
Dungeon (3/15)

Altars:


Innate Abilities, Weirdness & Mutations

You are resistant to torment.
Your stone body is resilient. (AC +4)
You are immune to poison.
You resist negative energy. (rN+)
You are resistant to electric shocks. (rElec)
You can survive without breathing.
You are immune to petrification.
You are immune to rotting.


Message History

The orc is severely wounded.
The orc hits you with a +0 mace!
* * * LOW HITPOINT WARNING * * *
You block the orc's attack.
You are too injured to fight recklessly!
An orc is nearby!
An orc is nearby!
You are too injured to fight recklessly!
Sorry, you're not good enough to have a special ability.
The orc hits you but does no damage.
You barely miss the orc.
The orc is severely wounded.
The orc hits you with a +0 mace.
* * * LOW HITPOINT WARNING * * *
The orc hits you with a +0 mace.
* * * LOW HITPOINT WARNING * * *
You closely miss the orc.
The orc is severely wounded.
You block the orc's attack. The orc hits you with a +0 mace!
You die...

#.......###########..( .#
###.##..............# .#
#.##..............# #.#
#.##..............###.#
#)##..................#
####.###########)###.....#
#.............##.# #.....#
#.......((.(..##.# #.....#
#............@o..# #.....#
#.............######.....##
#############.............####
#.............÷...
#.............####
#.............#
#.............#
..............# .........#


You could see an orc (berserk).

Vanquished Creatures
  An orc wizard (D:3)
  2 adders (D:2)
  An ooze (D:1)
  2 worms (D:2)
  A dart slug (D:2)
  A leopard gecko (D:2)
  4 orcs (D:3)
  6 bats
  4 giant cockroaches
  8 goblins
  3 hobgoblins
  4 jackals (D:1)
  A quokka (D:2)
  A ball python (D:3)
  2 frilled lizards (D:2)
  6 kobolds
  5 rats
52 creatures vanquished.

Notes
Turn   | Place    | Note
-------+----------+-------------------------------------------
     0 | D:1      | Fang the Gargoyle Fighter began the quest for the Orb.
     0 | D:1      | Reached XP level 1. HP: 14/14 MP: 1/1
    71 | D:1      | Reached XP level 2. HP: 17/19 MP: 2/2
   345 | D:1      | Reached XP level 3. HP: 22/23 MP: 3/3
  1024 | D:2      | Reached XP level 4. HP: 29/29 MP: 4/4
  1127 | D:2      | Found a faded altar of an unknown god.
  1605 | D:3      | Reached XP level 5. HP: 30/33 MP: 5/5
  1633 | D:3      | Slain by an orc

Levels and vault maps discovered:
D:1:      nicolae_arrival_memento_mori, layout_loops_ring
D:2:      layout_rooms, chequers_ecumenical_altar_lobes,
          minmay_randomly_rotated_circles
D:3:      layout_basic

Skill      XL: |  1  2  3  4 |
---------------+-------------+-----
Axes           | 2 |  2.7
Armour         | 4 |  4.1
Fighting       | 4 |  4.1
Shields        | 4 |  4.1

Action                   |  1- 3 |  4- 6 || total
-------------------------+-------+-------++-------
Melee: War axe           |   117 |    65 ||   182
  Eat: Chunk             |     1 |     2 ||     3
Armor: Scale mail        |    12 |       ||    12
       Chain mail        |    70 |    47 ||   117
Dodge: Dodged            |    30 |    13 ||    43
Block: Shield            |    70 |    43 ||   113
